 Dungeon Crawl Stone Soup version 0.23.1-37-gaa34b87 (webtiles) character file.

Game seed: 16246943352159843881

3373 vishdafish the Prestidigitator (level 10, -5/66 HPs)
             Began as an Octopode Fighter on Mar 20, 2019.
             Was an Initiate of Gozag.
             Hit by a tomahawk of returning thrown by an orc warrior (20 damage)
             ... on level 8 of the Dungeon.
             The game lasted 00:15:42 (9084 turns).

vishdafish the Prestidigitator (Octopode Fighter)   Turns: 9084, Time: 00:15:43

Health: -5/66      AC:  1    Str: 16    XL:     10   Next: 3%
Magic:  17/19      EV: 11    Int: 13    God:    Gozag
Gold:   252        SH:  8    Dex: 12    Spells: 15/21 levels left

rFire    x . .     SeeInvis .   a - +0 war axe
rCold    + . .     Gourm    .   b - +0 shield
rNeg     . . .     Faith    .   (helmet restricted)
rPois    .         Spirit   .   (no amulet)
rElec    .         Reflect  .   u - ring of wizardry
rCorr    .         Harm     .   x - ring of ice
MR       .....                  (no ring)
Stlth    ++........             (no ring)
HPRegen  0.21/turn              (no ring)
MPRegen  0.16/turn              (no ring)
                                (no ring)
                                (no ring)

@: gold aura
A: almost no armour, stealthy swim, amphibious, 8 rings, constrict 8, camouflage
1, gelatinous body 1
a: Potion Petition, Call Merchant, Bribe Branch, Renounce Religion


You were on level 8 of the Dungeon.
You worshipped Gozag.
Gozag was aware of your devotion.
You were not hungry.

You visited 1 branch of the dungeon, and saw 8 of its levels.

You collected 1083 gold pieces.
You spent 306 gold pieces at shops.
You paid 525 gold pieces to Gozag.

Inventory:

Hand Weapons
 a - a +0 war axe (weapon)
Missiles
 A - a tomahawk of returning (quivered)
Armour
 b - a +0 shield (worn)
Jewellery
 u - a ring of wizardry (left tentacle)
 x - a ring of ice (right tentacle)
 y - a cursed -2 ring of protection {unknown}
Wands
 l - a wand of iceblast (10)
 r - a wand of polymorph (8)
 s - a wand of enslavement (8)
 v - a wand of random effects (20)
Scrolls
 c - 3 scrolls of enchant weapon {unknown}
 h - 3 scrolls of enchant armour {unknown}
 j - 2 scrolls of fear
 k - a scroll of noise {unknown}
 m - 4 scrolls of remove curse {unknown}
 n - 3 scrolls of identify {unknown}
 o - 3 scrolls of fog {unknown}
 z - a scroll of acquirement {unknown}
 B - a scroll of holy word {unknown}
 E - a scroll of teleportation {unknown}
 F - a scroll of amnesia {unknown}
Potions
 e - a potion of cancellation {unknown}
 f - a potion of ambrosia {unknown}
 g - a potion of agility
 i - a potion of brilliance {unknown}
 p - 2 potions of flight
 q - a potion of resistance {unknown}
 t - a potion of berserk rage {unknown}
 C - a potion of curing
 D - a potion of haste
Comestibles
 d - 3 rations


   Skills:
 - Level 5.5 Fighting
 - Level 6.7 Axes
 - Level 3.1 Dodging
 - Level 3.1 Shields
 + Level 6.2 Spellcasting
 - Level 9.6 Evocations


You had 15 spell levels left.
You knew the following spells:

 Your Spells              Type           Power        Failure   Level  Hunger
a - Statue Form           Tmut/Erth      #........    100%        6    #######

Your spell library contained the following spells:

 Spells                   Type           Power        Failure   Level  Hunger
 Leda's Liquefaction      Hex/Erth       #.........   95%         4    ####...
 Bolt of Magma            Conj/Fire/Erth #.........   100%        5    ######.
 Iron Shot                Conj/Erth      #.........   100%        6    #######
 Shatter                  Erth           #.........   100%        9    #######


Dungeon Overview and Level Annotations

Branches:
Dungeon (8/15)             Temple (0/1) D:7
   Lair: D:8-11

Altars:
Ashenzari
Elyvilon
Gozag
Kikubaaqudgha
Makhleb
Nemelex Xobeh
Ru
Yredelemnul

Shops:
D:5 *   D:8 !

Annotations:
D:3 2 transporters, 1 runed translucent door


Innate Abilities, Weirdness & Mutations

You cannot wear most types of armour.
You are very stealthy in the water. (Stealth+)
You are amphibious.
You can wear up to eight rings at the same time.
You can use your tentacles to constrict eight enemies at once.
Your skin changes colour to match your surroundings (Stealth+).
Your rubbery body absorbs attacks. (AC +1, EV +1)


Message History

You block the wyvern's attack. The wyvern bites you.
* * * LOW HITPOINT WARNING * * *
You feel much better. You block the wyvern's attack. The wyvern bites you!!
* * * LOW HITPOINT WARNING * * *
You closely miss the wyvern.
You squeeze the wyvern, but do no damage.
The wyvern is almost dead.
An orc warrior comes into view. It is wielding a +0 short sword.
You block the wyvern's attack.
The orc warrior shouts!
You slash the wyvern!
You kill the wyvern!
Your Spellcasting skill increases to level 6!
You have reached level 10!
You feel agile.
You hear a shout! x2
The orc warrior throws a tomahawk of returning.
The tomahawk of returning hits you!!
You die...
Your body crumbles into a pile of gold.

#.)### .### # #....###
..######. #
#......####.#..... .#
.∩..#....$..#...## ..#
...(.............##### ...#
............#.##.....###.....
.........o$...$..(.........#.
............#o#####..).......
............#[..@<[)####.....
............[.)###### .#.
.......!...[.[.#
.............([###
....#.........)..#
....###........#...# ###.
#.#......###.... #.#......#
... . #........ ##


You could see an orc warrior.

Vanquished Creatures
  Grinder (D:6)
  Eustachio (D:4)
  A wyvern (D:8)
  A hungry ghost (D:7)
  Menkaure (D:4)
  Duvessa (D:4)
  An ice beast (D:8)
  2 orc warriors (D:8)
  A hornet zombie (D:8)
  A phantom (D:5)
  A sky beast (D:8)
  The ghost of Curus the Poker, an amateur MiAK of Lugonu (D:3)
  An ogre (D:5)
  A centaur (D:7)
  A big kobold (D:8)
  4 bullfrogs
  A water moccasin zombie (D:7)
  Dowan (D:4)
  3 killer bees
  5 wights (D:7)
  2 howler monkeys (D:8)
  A crimson imp (D:8)
  A bullfrog zombie (D:7)
  2 hounds
  4 orc priests
  7 orc wizards
  A centaur zombie (D:8)
  Jessica (D:2)
  3 bullfrog skeletons
  An iguana (D:5)
  A worker ant (D:6)
  4 gnolls (D:4)
  2 river rats (D:3)
  7 adders
  A shadow imp (D:5)
  3 oozes
  2 worms
  4 dart slugs
  5 leopard geckos
  28 orcs
  4 ball pythons
  8 bats
  3 giant cockroaches
  5 goblins
  4 hobgoblins (D:3)
  7 jackals
  4 quokkas
  8 frilled lizards
  8 kobolds
  8 rats
169 creatures vanquished.

Vanquished Creatures (others)
  A sky beast (D:6)
  A human (D:7)
  A hound (D:8)
3 creatures vanquished.

Grand Total: 172 creatures vanquished

Notes
Turn   | Place    | Note
-------+----------+-------------------------------------------
     0 | D:1      | vishdafish the Octopode Fighter began the quest for the
                  | Orb.
     0 | D:1      | Reached XP level 1. HP: 16/16 MP: 1/1
    77 | D:1      | Reached XP level 2. HP: 14/21 MP: 2/2
   595 | D:1      | Reached XP level 3. HP: 26/26 MP: 3/3
   918 | D:2      | Noticed Jessica
   926 | D:2      | Killed Jessica
   960 | D:2      | You fall through a shaft for 2 floors!
  1002 | D:4      | Found a shattered altar of Ashenzari.
  1077 | D:4      | Reached XP level 4. HP: 31/32 MP: 4/4
  1084 | D:4      | Noticed Menkaure
  1090 | D:4      | Killed Menkaure
  1090 | D:4      | Reached XP level 5. HP: 18/37 MP: 5/5
  1480 | D:3      | Found an opulent altar of Gozag.
  1490 | D:3      | Became a worshipper of Gozag Ym Sagoz the Greedy
  1500 | D:3      | Found a transporter.
  1523 | D:3      | Found a transporter.
  1759 | D:2      | Reached XP level 6. HP: 40/44 MP: 6/6
  2090 | D:3      | Reached skill level 5 in Axes
  2141 | D:3      | Found a runed translucent door.
  2142 | D:3      | Noticed Curus's ghost (amateur MiAK)
  2168 | D:3      | Killed Curus's ghost
  2338 | D:3      | Found a runed translucent door.
  2371 | D:3      | Found a faded altar of an unknown god.
  2469 | D:3      | Found a white marble altar of Elyvilon.
  2469 | D:3      | Found a sacrificial altar of Ru.
  2469 | D:3      | Found a burning altar of Makhleb.
  2501 | D:3      | Reached XP level 7. HP: 29/49 MP: 7/7
  2567 | D:3      | Found a sparkling altar of Nemelex Xobeh.
  2721 | D:4      | Reached skill level 5 in Fighting
  3469 | D:4      | Noticed Eustachio
  3477 | D:4      | Killed Eustachio
  3625 | D:4      | Noticed Dowan
  3630 | D:4      | Noticed Duvessa
  3635 | D:4      | Killed Dowan
  3635 | D:4      | Reached skill level 1 in Evocations
  3639 | D:4      | Killed Duvessa
  3639 | D:4      | Reached skill level 3 in Evocations
  4161 | D:4      | Found a basalt altar of Yredelemnul.
  4290 | D:5      | Entered Level 5 of the Dungeon
  4290 | D:5      | Found Ablural's General Store.
  4306 | D:5      | Reached XP level 8. HP: 56/56 MP: 10/10
  4309 | D:5      | Bought a potion of agility for 40 gold pieces
  4350 | D:5      | Reached skill level 4 in Evocations
  5244 | D:6      | Noticed Grinder
  5245 | D:6      | Paralysed by Grinder for 7 turns
  5255 | D:6      | Killed Grinder
  5255 | D:6      | Reached skill level 5 in Evocations
  5256 | D:6      | Reached skill level 6 in Evocations
  6022 | D:5      | Reached skill level 7 in Evocations
  6529 | D:7      | Reached skill level 8 in Evocations
  6588 | D:7      | Reached XP level 9. HP: 56/61 MP: 15/15
  6711 | D:7      | Reached skill level 9 in Evocations
  6842 | D:7      | Found an ancient bone altar of Kikubaaqudgha.
  6895 | D:7      | Found a sacrificial altar of Ru.
  7188 | D:7      | Found a staircase to the Ecumenical Temple.
  7212 | D:7      | Learned a level 6 spell: Statue Form
  7230 | D:8      | Reached skill level 1 in Spellcasting
  8032 | D:8      | Bought a potion of curing for 42 gold pieces
  8032 | D:8      | Bought a potion of curing for 42 gold pieces
  8032 | D:8      | Bought a potion of haste for 140 gold pieces
  8032 | D:8      | Bought a potion of flight for 42 gold pieces
  8331 | D:8      | Reached skill level 5 in Spellcasting
  8337 | D:8      | HP: 3/61 [ice beast (2)]
  9084 | D:8      | Reached XP level 10. HP: 14/66 MP: 17/19
  9084 | D:8      | Hit by a tomahawk of returning thrown by an orc warrior

Skill      XL: |  1  2  3  4  5  6  7  8  9 |
---------------+----------------------------+-----
Axes           | 3 4 5 6 |  6.7
Fighting       | 4 5 |  5.5
Evocations     | 3 8 9 |  9.6
Spellcasting   | 6 |  6.2
Dodging        | |  3.1
Shields        | |  3.1

Action                   |  1- 3 |  4- 6 |  7- 9 | 10-12 || total
-------------------------+-------+-------+-------+-------++-------
Melee: War axe           |    50 |    85 |   273 |       ||   408
       Constrict         |    14 |    20 |    43 |       ||    77
       Tentacles         |     5 |    19 |    50 |       ||    74
Throw: Tomahawk          |       |       |     2 |       ||     2
Invok: Call Merchant     |       |       |     1 |       ||     1
Evoke: Wand              |       |       |    21 |       ||    21
  Use: Potion            |       |     3 |     4 |       ||     7
       Scroll            |       |     1 |     1 |       ||     2
 Stab: Sleeping          |     6 |     3 |     8 |       ||    17
       Distracted        |       |       |     4 |       ||     4
  Eat: Chunk             |       |     1 |       |       ||     1
       Ration            |       |     1 |     9 |       ||    10
Armor: Skin              |     5 |     8 |     3 |       ||    16
Dodge: Dodged            |    23 |    33 |   105 |       ||   161
Block: Shield            |    19 |    43 |   112 |       ||   174
